AoeStats
← MinhAnh X Loma Sugar plazmafield

Arena

504818845Analyzed
1v1 RM · 24d ago on Sep 6, 2026· 23m 31s· 2 players
Game mode
Random Map
Map size
Tiny (2 player)
Population
200
Speed
Normal
Resources
Standard
Victory
Conquest
Starting age
Dark Age
Ending age
Imperial Age
RankedLock teamsTeams togetherTeam positionsShared explorationLock speedFull tech treeHidden civsTurbo modeCheats
Victory
Defeat
🇨🇴 Lithuanians · Colombia
1140
+14
1100
-14
MinhAnh X Loma Sugar plazmafield
10:01 Feudal Age
11:34 Double-Bit Axe
14:49 Castle Age
14:07 Horse Collar
18:16 Scale Barding Armor
22:32 Heavy Plow
mend2atipob
10:25 Feudal Age
14:38 Castle Age
13:01 Double-Bit Axe
21:48 Bloodlines
21:33 Loom
21:38 Light Cavalry
22:44 Sanctity
Connection lost

Rejoining the realm…

Still unreachable

The connection could not be restored.

Session expired

The server has moved on; the page needs a fresh start.